AoeStats
← fr90.PISCU

Lombardia

508503260Analyzed
2v2 RM · 9d ago on Sep 22, 2026· 73m 42s· 4 players
Game mode
Random Map
Map size
Medium (4 player)
Population
200
Speed
Normal
Resources
Standard
Victory
Conquest
Starting age
Dark Age
Ending age
Imperial Age
RankedLock teamsTeams togetherTeam positionsShared explorationLock speedFull tech treeHidden civsTurbo modeCheats
Victory
Defeat
🇦🇷 Gurjaras · Argentina
860
+14
🇮🇹 Random · Italy
844
+16
🇧🇷 Random · Brazil
827
-15
🇧🇷 Wu · Brazil
820
-15
Joe Camel
10:18 Feudal Age
14:27 Castle Age
12:14 Loom
12:50 Double-Bit Axe
19:20 Forging
21:49 Scale Mail Armor
25:01 Chain Mail Armor
25:21 Iron Casting
25:15 Bow Saw
24:46 Horse Collar
26:39 Heavy Plow
29:04 Wheelbarrow
28:14 Town Watch
29:14 Iron Casting
30:40 Hand Cart
30:25 Town Patrol
31:18 Hamask
33:07 Gold Mining
39:50 Gold Shaft Mining
43:37 Imperial Age
44:16 Elite Jomsviking
45:29 Plate Mail Armor
46:06 Conscription
49:12 Caravan
53:36 Elite Varangian Guard
54:02 Gambesons
54:17 Squires
54:03 Arson
69:26 Padded Archer Armor
69:16 Fletching
70:10 Thumb Ring
69:26 Cranequins
69:47 Heavy Mounted Crossbowman
72:59 Elite Skirmisher
ViniCassi
11:06 Feudal Age
15:08 Loom
20:38 Double-Bit Axe
25:45 Castle Age
28:06 Squires
27:26 Pikeman
31:31 Red Cliffs Tactics
32:14 Bow Saw
34:43 Fletching
34:53 Padded Archer Armor
35:10 Horse Collar
35:21 Gold Mining
36:26 Bodkin Arrow
36:31 Padded Archer Armor
39:45 Imperial Age
39:02 Wheelbarrow
38:52 Leather Archer Armor
39:31 Forging
40:19 Husbandry
40:29 Bloodlines
39:41 Light Cavalry
39:56 Light Cavalry
41:21 Sitting Tiger
41:44 Conscription
41:28 Halberdier
41:54 Arson
47:18 Chemistry
46:51 Ballistics
46:01 Elite Fire Archer
46:45 Bracer
47:38 Caravan
48:10 Hussar
55:01 Hand Cart
55:48 Two-Man Saw
57:10 Iron Casting
60:55 Blast Furnace
60:06 Scale Barding Armor
63:14 Chain Barding Armor
64:40 Plate Barding Armor
DragónLechero
7:14 Loom
9:33 Feudal Age
10:04 Double-Bit Axe
9:46 Man-at-Arms
11:00 Arson
13:13 Horse Collar
15:17 Forging
20:16 Castle Age
19:26 Bloodlines
21:51 Scale Barding Armor
23:20 Husbandry
26:29 Fletching
32:30 Iron Casting
32:24 Gold Mining
32:59 Town Watch
34:51 Wheelbarrow
36:59 Hand Cart
37:55 Ballistics
37:56 Bow Saw
38:48 Bodkin Arrow
38:54 Padded Archer Armor
39:15 Vendel Legacy
39:23 Vendel Legacy
41:02 Caravan
42:00 Leather Archer Armor
47:04 Imperial Age
44:19 Light Cavalry
47:06 Chain Barding Armor
47:08 Cranequins
48:56 Chemistry
48:22 Conscription
48:36 Heavy Plow
50:12 Bracer
52:39 Cavalier
53:33 Hussar
56:39 Blast Furnace
56:12 Ring Archer Armor
59:13 Two-Man Saw
59:07 Plate Barding Armor
fr90.PISCU
6:31 Loom
10:06 Feudal Age
11:44 Double-Bit Axe
20:56 Castle Age
18:58 Horse Collar
20:02 Stone Mining
21:03 Gold Mining
22:00 Forging
25:01 Bloodlines
26:38 Bow Saw
27:16 Heavy Plow
29:15 Wheelbarrow
32:03 Scale Mail Armor
32:40 Iron Casting
36:05 Imperial Age
38:00 Conscription
38:28 Crop Rotation
38:24 Scale Barding Armor
38:36 Chain Mail Armor
40:54 Plate Mail Armor
46:07 Elite Chakram Thrower
48:56 Onager
70:25 Arson
Connection lost

Rejoining the realm…

Still unreachable

The connection could not be restored.

Session expired

The server has moved on; the page needs a fresh start.